 Dungeon Crawl Stone Soup version 0.30.0-5-g1a98f26d00 (webtiles) character file.

Game seed: 15122447150555569242

1000 Majang the Ruffian (level 8, -1/42 HPs)
             Began as a Vine Stalker Fighter on May 9, 2023.
             Slain by Duvessa
             ... wielding a +0 rapier
              (5 damage)
             ... on level 5 of the Dungeon.
             The game lasted 00:22:24 (4498 turns).

Majang the Ruffian (Vine Stalker Fighter)           Turns: 4498, Time: 00:22:25

Health: -1/42      AC: 17    Str: 21    XL:     8   Next: 19%
Magic:  0/12       EV: 10    Int:  8    God:
Gold:   362        SH:  5    Dex: 14    Spells: 10/11 levels left

rFire   + .          .
                       - Unarmed
rCold   + . .        b - +0 buckler
rNeg    . . .        a - +1 scale mail
rPois   .            d - +2 helmet
rElec   .            z - scarf {rC+ rF+}
rCorr   .            k - +2 pair of gloves
SInv    .            s - +2 pair of boots
Will    +....        n - amulet of the acrobat Stlth
                     r - ring of flight
HPRegen 1.07/turn    (no ring)
MPRegen 0.13/turn

%: acrobat, guardian spirit
@: mighty, flying
A: fangs 3, regeneration 1, magic shield, antimagic bite, no potion heal 2
a: no special abilities


You were on level 5 of the Dungeon.
You visited 1 branch of the dungeon, and saw 8 of its levels.
You also visited: Sewer.

You collected 362 gold pieces.

Inventory:

Missiles
 h - 3 boomerangs
 l - 2 silver javelins (quivered)
Armour
 a - a +1 scale mail (worn)
 b - a +0 buckler (worn)
 d - a +2 helmet (worn)
 k - a +2 pair of gloves (worn)
 s - a +2 pair of boots (worn)
 t - a +1 cloak
 z - a scarf of resistance (worn)
Jewellery
 n - an amulet of the acrobat (around neck)
 r - a ring of flight (left hand)
Wands
 w - a wand of acid (6)
Scrolls
 i - a scroll of vulnerability {unknown}
 q - 4 scrolls of teleportation
 u - a scroll of fear {unknown}
 v - 2 scrolls of immolation {unknown}
 x - 2 scrolls of poison {unknown}
 y - a scroll of acquirement {unknown}
 A - 3 scrolls of fog
 B - a scroll of identify
Potions
 c - a potion of might
 e - a potion of curing
 f - 8 potions of flight
 g - 4 potions of haste
 j - a potion of heal wounds
 m - a potion of ambrosia {unknown}
 o - 3 potions of mutation
 p - 2 potions of resistance
 C - a potion of magic {unknown}


   Skills:
 + Level 4.6 Fighting
 + Level 3.1 Armour
 + Level 1.6 Dodging
 + Level 3.5 Shields
 * Level 6.4 Unarmed Combat
 + Level 2.0 Spellcasting
 + Level 2.1 Transmutations


You had 10 spell levels left.
You knew the following spells:

 Your Spells              Type           Power      Damage    Failure   Level
a - Beastly Appendage     Tmut           8%         N/A       45%         1

Your spell library contained the following spells:

 Spells                   Type           Power      Damage    Failure   Level
 Wereblood                Tmut           4%         N/A       58%         2
 Sting                    Tmut/Pois      8%         1d3       61%         1
 Lesser Beckoning         Tloc           0%         N/A       87%         2
 Poisonous Vapours        Pois/Air       0%         N/A       87%         2
 Sublimation of Blood     Necr           0%         N/A       87%         2
 Spider Form              Tmut/Pois      2%         N/A       93%         3
 Gell's Gravitas          Tloc           0%         N/A       98%         3
 Teleport Other           Tloc           0%         N/A       98%         3
 Olgreb's Toxic Radiance  Pois           0%         N/A       100%        4
 Summon Hydra             Summ           0%         N/A       100%        7


Dungeon Overview and Level Annotations

Branches:
Dungeon (8/15)              Sewer (visited)
 Temple: D:4-7         Lair: D:8-11

Altars:
Hepliaklqana

Annotations:
D:5 Duvessa


Innate Abilities, Weirdness & Mutations

You have razor-sharp teeth.
Your natural rate of healing is unusually fast.
When hurt, damage is shared between your health and your magic reserves.
Your bite disrupts and absorbs the magic of your enemies.
Potions cannot restore your health.


Message History

The howler monkey hoots and howls with incredible vigour!
You hear a shout!
You punch Duvessa! You bite Duvessa. You drain her power.
Duvessa is heavily wounded.
Duvessa hits you with a +0 rapier! Duvessa hits you with a +0 rapier.
You hit Duvessa but do no damage.
Duvessa is heavily wounded.
Duvessa barely misses you.
You hit Duvessa but do no damage. You bite Duvessa. You drain her power.
You feel invigorated.
Duvessa is heavily wounded.
You block Duvessa's attack.
You hit Duvessa but do no damage. You bite Duvessa, but do no damage.
Duvessa is heavily wounded.
Duvessa hits you with a +0 rapier! Duvessa hits you with a +0 rapier.
You closely miss Duvessa. Your bite misses Duvessa.
Duvessa is heavily wounded.
Duvessa hits you with a +0 rapier!
* * * LOW HITPOINT WARNING * * *
You feel very mighty all of a sudden. You block Duvessa's attack.
Duvessa hits you with a +0 rapier!
* * * LOW HITPOINT WARNING * * *
It was a potion of heal wounds.
That seemed strangely inert.
Duvessa barely misses you.
You hit Duvessa. Your bite misses Duvessa.
Duvessa is heavily wounded.
Duvessa barely misses you. Duvessa misses you.
You punch Duvessa! Your bite misses Duvessa.
Duvessa is severely wounded.
The howler monkey hoots and howls with incredible vigour!
Duvessa completely misses you.
You hear a shout! x2
You hit Duvessa but do no damage.
Duvessa is severely wounded.
Duvessa hits you but does no damage. Duvessa hits you with a +0 rapier.
* * * LOW HITPOINT WARNING * * *
You hit Duvessa. Your bite misses Duvessa.
Duvessa is almost dead.
Duvessa hits you with a +0 rapier.
You die...

.........# #
.........#.
.........#.
..........
.........#
.........#
.........#####
# #..he@..# #
#.#####.# #.
#.# # #. # #.#
# #. #.#.# #
#.###.#.#
........#
#.#####.# #.#


You could see Duvessa (berserk) and a howler monkey.

Vanquished Creatures
  Menkaure (D:5)
  A water moccasin (D:6)
  A sky beast (D:8)
  An ogre (D:7)
  A phantom (D:4)
  Dowan (D:5)
  2 hounds
  A jelly (D:6)
  A sleepcap (D:5)
  An orc wizard (D:4)
  3 iguanas
  10 adders
  2 river rats (Sewer)
  An ufetubus (D:4)
  2 dart slugs
  4 worms
  5 orcs
  14 ball pythons
  10 endoplasms
  7 giant cockroaches
  5 goblins
  10 hobgoblins
  8 jackals
  8 quokkas
  14 bats
  5 frilled lizards
  5 kobolds
  8 rats
132 creatures vanquished.

Notes
Turn   | Place    | Note
-------+----------+-------------------------------------------
     0 | D:1      | Majang the Vine Stalker Fighter began the quest for the
                  | Orb.
     0 | D:1      | Reached XP level 1. HP: 11/11 MP: 2/2
   124 | D:1      | Reached XP level 2. HP: 16/16 MP: 3/3
   198 | D:1      | Found a faded altar of an unknown god.
   470 | D:2      | Reached skill level 3 in Unarmed Combat
   470 | D:2      | Reached XP level 3. HP: 17/20 MP: 4/4
   492 | D:2      | Learned a level 1 spell: Beastly Appendage
   541 | D:2      | Found a hazy altar of Hepliaklqana.
  1218 | D:3      | Gained mutation: Your natural rate of healing is unusually
                  | fast. [Vine Stalker growth]
  1218 | D:3      | Reached XP level 4. HP: 24/24 MP: 5/5
  1778 | D:3      | Reached skill level 4 in Unarmed Combat
  2324 | D:4      | Reached XP level 5. HP: 28/28 MP: 6/6
  2475 | D:4      | Noticed a phantom
  2494 | D:4      | Killed a phantom
  2495 | D:4      | Reached skill level 5 in Unarmed Combat
  2628 | D:4      | Reached XP level 6. HP: 33/33 MP: 5/7
  3094 | D:5      | Entered Level 5 of the Dungeon
  3183 | D:5      | Noticed Duvessa
  3184 | D:5      | Noticed Dowan
  3271 | D:5      | Killed Dowan
  3390 | D:5      | You are sucked into a shaft and drop 3 floors!
  3395 | D:8      | Noticed a sky beast
  3407 | D:8      | Killed a sky beast
  3408 | D:8      | Reached XP level 7. HP: 37/37 MP: 7/9
  3449 | D:7      | Reached skill level 1 in Spellcasting
  3449 | D:7      | Reached skill level 1 in Transmutations
  3548 | D:6      | Reached skill level 1 in Dodging
  3636 | D:6      | Reached skill level 6 in Unarmed Combat
  3752 | D:6      | Found a glowing drain.
  3756 | Sewer    | Entered a sewer
  4114 | Sewer    | Gained mutation: You have razor-sharp teeth. [Vine Stalker
                  | growth]
  4114 | Sewer    | Reached XP level 8. HP: 42/42 MP: 11/11
  4391 | D:5      | Noticed Menkaure
  4399 | D:5      | Killed Menkaure
  4493 | D:5      | HP: 1/42 [Duvessa/+0 rapier (10)]
  4498 | D:5      | Slain by Duvessa

Illustrated notes

Levels and vault maps discovered:
D:1:      lightli_arrival_windingriver, layout_rooms, basic_ecumenical_altar
D:2:      layout_loops_ring, basic_altar
D:3:      layout_basic, serial_forest, infiniplex_forest_clump_medium,
          infiniplex_forest_lined_corner, infiniplex_forest_lined_4_way,
          infiniplex_forest_end_2, infiniplex_forest_end_2,
          infiniplex_forest_join, infiniplex_forest_end_2,
          infiniplex_forest_lined_2, infiniplex_forest_clump_diagonal
D:4:      layout_loops_ring, kennysheep_windowed_goal
D:5:      layout_basic, lemuel_temple_firewalk_a, uniq_menkaure, uniq_duvessa
D:6:      layout_basic, gup_sewer_entry_spiral
D:7:      layout_basic, grunt_qazlal_clouds
D:8:      kennysheep_housing_project, layout_basic, lemuel_tele_altar,
          uniq_joseph

Skill      XL: |  1  2  3  4  5  6  7  8 |
---------------+-------------------------+-----
Fighting       | 3 4 |  4.6
Unarmed Combat | 3 4 5 6 |  6.4
Shields        | 3 |  3.5
Spellcasting   | 1 2 |  2.0
Transmutations | 1 2 |  2.1
Dodging        | 1 |  1.6
Armour         | 3 |  3.1

Action                     |  1- 3 |  4- 6 |  7- 9 || total
---------------------------+-------+-------+-------++-------
  Melee: Unarmed           |   140 |   399 |   160 ||   699
         Bite              |    26 |   153 |    46 ||   225
    Use: Scroll            |       |     5 |       ||     5
         Potion            |       |       |     3 ||     3
 Armour: Scale mail        |    61 |    69 |    65 ||   195
  Dodge: Dodged            |    64 |    86 |    87 ||   237
  Block: Buckler           |    22 |    43 |    24 ||    89
